 Dungeon Crawl Stone Soup version 0.28-a0-932-g843f935a50 (webtiles) character file.

Game seed: 15870939413546897993

38 ders the Digger (level 3, -3/19 HPs)
             Began as a Gargoyle Earth Elementalist on Nov 27, 2021.
             Slain by Sigmund (10 damage)
             ... on level 2 of the Dungeon.
             The game lasted 00:02:22 (1367 turns).

ders the Digger (Gargoyle Earth Elementalist)       Turns: 1367, Time: 00:02:22

Health: -3/19      AC:  5    Str: 11    XL:     3   Next: 43%
Magic:  1/6        EV: 11    Int: 16    God:
Gold:   109        SH:  0    Dex: 10    Spells: 3/7 levels left

rFire   + . .      SeeInvis .   (no weapon)
rCold   + . .      Faith    .   (no shield)
rNeg    + . .      Spirit   .   b - +0 robe
rPois   ∞          Reflect  .   (no helmet)
rElec   +          Harm     .   e - scarf {rC+ rF+}
rCorr   .          Rampage  .   (no gloves)
Will    .....                   (no boots)
Stlth   +.........              (no amulet)
HPRegen 0.06/turn               (no ring)
MPRegen 0.10/turn               (no ring)

@: confused
A: sickness immunity, AC +3, negative energy resistance 1, electricity
resistance, torment resistance 1, petrification resistance
a: no special abilities


You were on level 2 of the Dungeon.
You visited 1 branch of the dungeon, and saw 2 of its levels.

You collected 109 gold pieces.

Inventory:

Missiles
 c - 50 stones
Armour
 b - a +0 robe (worn)
 e - a scarf of resistance (worn)
Scrolls
 a - a scroll of brand weapon {unknown}
Potions
 d - a potion of ambrosia {unknown}
 f - a potion of flight {unknown}


   Skills:
 - Level 1.5 Dodging
 - Level 2.1 Stealth
 + Level 2.6 Spellcasting
 + Level 1.6 Conjurations
 - Level 0.7 Transmutations
 + Level 4.2 Earth Magic


You had 3 spell levels left.
You knew the following spells:

 Your Spells              Type           Power      Damage    Failure   Level
a - Sandblast             Erth           30%        2d9       3%          1
b - Stone Arrow           Conj/Erth      22%        3d8       17%         3

Your spell library contained the following spells:

 Spells                   Type           Power      Damage    Failure   Level
 Passwall                 Tmut/Erth      8%         N/A       11%         2
 Slow                     Hex            8%         N/A       21%         1
 Confusing Touch          Hex            2%         N/A       52%         3
 Petrify                  Tmut/Erth      10%        N/A       56%         4
 Yara's Violent Unravell  Hex/Tmut       1%         3d3       99%         5


Dungeon Overview and Level Annotations

Branches:
Dungeon (2/15)

Altars:

Annotations:
D:2 Sigmund


Innate Abilities, Weirdness & Mutations

You are immune to sickness and miasma.
Your stone body is resilient. (AC +3)
You are immune to poison.
You resist negative energy. (rN+)
You are resistant to electric shocks. (rElec)
You are resistant to unholy torment.
You are immune to petrification.


Message History

The stone arrow hits Sigmund!
Sigmund is almost dead.
Sigmund hits you but does no damage.
Unknown command.
Casting: Stone Arrow (extremely dangerous; 17% risk of failure)
Confirm with . or Enter, or press ? or * to list all spells.
Aiming: Sandblast (safe; 3% risk of failure)
Press: ? - help, Shift-Dir - straight line, f/p - Sigmund
Aim: Sigmund, wielding a +0 scythe and wearing a +0 robe (almost dead, 77% to hit)
The blast of sand misses Sigmund.
Sigmund gestures at you while chanting.
You are confused.
Unknown command.
Sigmund is suddenly surrounded by pale green light.
Sigmund points at you and mumbles some strange words.
You are more confused.
Sigmund casts a spell.
Sigmund flickers and vanishes!
Deactivating autopickup; reactivate with Ctrl-A.
Something completely misses you.
You're too confused to move!
You hear some strange, mumbled words.
A puff of flame appears from out of thin air!
The puff of flame hits you. You resist. Something hits you.
You're too confused to cast spells.
Sorry, you're not good enough to have a special ability.
You're too confused to cast spells.
Sorry, you're not good enough to have a special ability.
Unknown command.
Something completely misses you.
You hear some strange, mumbled words.
You are more confused.
A magic dart appears from out of thin air!
The magic dart hits you. Something completely misses you.
Something barely misses you. Something hits you!
Ouch! That really hurt!
You die...

##+# #. ### ##...##
#.. ..#
#.....#######.###.#
.......#..........#
.........###...#..#
................@.#
.........###......#
.......#.# #...{..#
#.....##.# #......#
##)..###.###.###.##
##'## #.........#
#.# #####.##### #.#
#.# ##.## #.#


There were no monsters in sight!

Vanquished Creatures
  An adder (D:2)
  A bat (D:1)
  3 endoplasms (D:1)
  2 giant cockroaches (D:1)
  4 goblins (D:1)
  2 hobgoblins (D:1)
  3 quokkas (D:1)
  4 ball pythons (D:1)
  2 frilled lizards (D:1)
  2 kobolds (D:1)
  3 rats (D:1)
27 creatures vanquished.

Notes
Turn   | Place    | Note
-------+----------+-------------------------------------------
     0 | D:1      | ders the Gargoyle Earth Elementalist began the quest for
                  | the Orb.
     0 | D:1      | Reached XP level 1. HP: 10/10 MP: 3/3
   186 | D:1      | Reached XP level 2. HP: 15/15 MP: 0/5
   224 | D:1      | Reached skill level 1 in Conjurations
   318 | D:1      | Reached skill level 4 in Earth Magic
   777 | D:1      | Found a faded altar of an unknown god.
   790 | D:1      | Reached XP level 3. HP: 19/19 MP: 3/6
  1239 | D:2      | Learned a level 3 spell: Stone Arrow
  1305 | D:2      | Noticed Sigmund
  1367 | D:2      | Slain by Sigmund

Illustrated notes

Levels and vault maps discovered:
D:1:      lightli_arrival_flooded_house, layout_loops_ring,
          shapermc_ecumenical_altar_ellora
D:2:      layout_loops_corners, dk_vineyard_3, uniq_crazy_yiuf_cottage,
          uniq_sigmund

Skill      XL: |  1  2 |
---------------+-------+-----
Conjurations   | 1 |  1.6
Earth Magic    | 4 |  4.2
Dodging        | |  1.5
Stealth        | |  2.1
Spellcasting   | |  2.6
Transmutations | |  0.7

Action                   || total
-------------------------++-------
Melee: Unarmed           ||     4
 Cast: Sandblast         ||    36
       Stone Arrow       ||     3
Armor: Robe              ||     4
Dodge: Dodged            ||    12

Table legend: (Time is in decaauts)
 A = Elapsed time spent in this place.
 B = Non-inter-level travel time spent in this place.
 C = Inter-level travel time spent in this place.
 D = Time resting spent in this place.
 E = Time spent auto-exploring this place.
 F = Levels seen in this place.
 G = Mean time per level.
                   A        B        C        D        E       F      G
               +--------+--------+--------+--------+--------+-----+--------+
         Total |   1368 |   1321 |     47 |    193 |    909 |   2 |  684.0 |
       Dungeon |   1368 |   1321 |     47 |    193 |    909 |   2 |  684.0 |
               +--------+--------+--------+--------+--------+-----+--------+

Top non-repeatable levels by time:
     D:1: 1229 daAuts
     D:2: 138 daAuts
